 Dungeon Crawl Stone Soup version 0.30-a0-643-g638baaf3f0 (webtiles) character file.

Game seed: 7989186765812730156

639 Conn the Magician (level 7, 0/38 HPs)
             Began as a Deep Elf Hedge Wizard on Jan 16, 2023.
             Was an Initiate of Sif Muna.
             Succumbed to a scorpion's poison
             ... on level 4 of the Dungeon.
             The game lasted 00:13:17 (3886 turns).

Conn the Magician (Deep Elf Hedge Wizard)           Turns: 3886, Time: 00:13:17

Health: 0/38       AC:  4    Str: 11    XL:     7   Next: 26%
Magic:  1/17       EV: 13    Int: 20    God:    Sif Muna [......]
Gold:   160        SH:  0    Dex: 13    Spells: 2/20 levels left

rFire   . . .      SeeInvis .    o - +0 double sword
rCold   + . .      Faith    .    (no shield)
rNeg    . . .      Spirit   .    b - +0 robe
rPois   .          Reflect  .    c - +0 hat
rElec   .          Harm     .    (no cloak)
rCorr   .          Rampage  .    (no gloves)
Will    .....      Rage     3%   (no boots)
Stlth   ++                       (no amulet)
HPRegen 0.26/turn                l - ring of protection from cold
MPRegen 0.15/turn                (no ring)

@: lethally poisoned (0 -> -7), on blink cooldown, very slightly contaminated
A: iridescent scales 1, berserk 1, low MP 1, strong 1
a: Renounce Religion


You were on level 4 of the Dungeon.
You worshipped Sif Muna.
Sif Muna was noncommittal.
You visited 2 branches of the dungeon, and saw 6 of its levels.

You collected 160 gold pieces.

Inventory:

Hand Weapons
 e - a +0 short sword
 j - a +0 dagger of pain
 o - a +0 double sword (weapon)
Armour
 b - a +0 robe (worn)
 c - a +0 hat (worn)
 g - the +0 ring mail of Mezcal {rElec rPois Str+4}
   (You found it on level 3 of the Dungeon)

   Str:       It affects your strength (+4).
   rElec:     It insulates you from electricity.
   rPois:     It protects you from poison.
Jewellery
 l - a ring of protection from cold (left hand)
Scrolls
 i - a scroll of fog
 k - a scroll of amnesia
Potions
 a - a potion of attraction {unknown}
 d - 3 potions of magic
 m - a potion of lignification
 n - a potion of berserk rage {unknown}


   Skills:
 + Level 1.1 Fighting
 + Level 0.3(0.5) Short Blades
 + Level 0.4(0.5) Long Blades
 + Level 3.1 Dodging
 + Level 3.1 Stealth
 + Level 7.2 Spellcasting
 + Level 3.5 Conjurations
 * Level 3.5 Summonings
 * Level 2.5 Translocations
 * Level 2.1 Air Magic
 + Level 0.6 Poison Magic


You had 2 spell levels left.
You knew the following spells:

 Your Spells              Type           Power      Damage    Failure   Level
a - Magic Dart            Conj           84%        1d7       2%          1
b - Blink                 Tloc           34%        N/A       4%          2
c - Call Imp              Summ           21%        N/A       3%          2
d - Mephitic Cloud        Conj/Pois/Air  15%        N/A       12%         3
e - Summon Lightning Spi  Summ/Air       18%        N/A       28%         4
f - Call Canine Familiar  Summ           21%        N/A       6%          3
g - Summon Guardian Gole  Hex/Summ       14%        N/A       13%         3

Your spell library contained the following spells:

 Spells                   Type           Power      Damage    Failure   Level
 Summon Small Mammal      Summ           84%        N/A       2%          1
 Slow                     Hex            28%        N/A       10%         1
 Cigotuvi's Dreadful Rot  Necr/Pois/Air  20%        N/A       10%         2
 Gell's Gravitas          Tloc           17%        N/A       10%         3
 Teleport Other           Tloc           17%        N/A       10%         3
 Manifold Assault         Tloc           17%        N/A       32%         4
 Airstrike                Air            7%         2d(2-18)  36%         4
 Lightning Bolt           Conj/Air       9%         1d21      63%         5
 Dispersal                Tloc           8%         N/A       99%         6
 Storm Form               Tmut/Air       5%         N/A       100%        7


Dungeon Overview and Level Annotations

Branches:
Dungeon (5/15)             Temple (1/1) D:4

Altars:
Ashenzari
Cheibriados
Dithmenos
Elyvilon
Fedhas
Gozag
Hepliaklqana
Makhleb
Okawaru
Qazlal
Ru
Sif Muna
Trog
Vehumet
Wu Jian
Yredelemnul
Zin
The Shining One

Annotations:
D:3 Grinder
Temple 2 transporters


Innate Abilities, Weirdness & Mutations

You are partially covered in iridescent scales. (AC +2)
You sometimes lose your temper in combat.
Your magical capacity is low. (-10% MP)
Your muscles are strong. (Str +4, Int/Dex -1)


Message History

The ufetubus appears confused.
The ufetubus hits the iguana.
The ufetubus closely misses the iguana.
The hound is engulfed in noxious fumes.
The hound appears confused.
The hound misses you.
The iguana bites the ufetubus.
The iguana completely misses itself.
You slash the hound!
The hound is heavily wounded.
The ufetubus hits the hound.
The ufetubus barely misses the hound.
The hound is engulfed in noxious fumes.
The hound appears confused.
The iguana bites you.
The hound is engulfed in noxious fumes.
The hound appears confused.
The hound closely misses the ufetubus.
The hound bites itself.
The ufetubus barely misses you. The ufetubus misses you.
You slash the ufetubus!
You kill the ufetubus!
Sif Muna accepts your kill. The iguana bites you!
A howler monkey comes into view.
The iguana barely misses you.
An adder comes into view.
The adder hisses angrily.
The hound bites you but does no damage. The iguana closely misses you.
Casting: Magic Dart (safe; 2% risk of failure)
Confirm with . or Enter, or press ? or * to list all spells.
You miscast Blink.
Nothing appears to happen.
The hound bites you. The hound barely misses you.
The hound bites itself.
The hound is killed!
Sif Muna accepts your kill. The iguana misses you.
Your Fighting skill increases to level 1!
Casting: Blink (safe; 4% risk of failure)
Confirm with . or Enter, or press ? or * to list all spells.
You blink.
The iguana bites you!
* * * LOW HITPOINT WARNING * * *
There is a stone staircase leading up, spattered with blood here.
The howler monkey closely misses you. The scorpion stings you.
* * * LOW HITPOINT WARNING * * *
You are lethally poisoned!
The scorpion poisons you!
You climb upwards.
You die...

....[.......########.###...#.#
..########...........##......#
.## #.........########.......##
.# #.###...#.# #.........### .#
#.# #.#.#.# #..........<.
.####.###.#.#.# #.........#..
...........<#.# ##........#.#
#####.###.###.#########.....#.#.#
####.#..........@...# ##...#..#.#
....###.......#####.###.#####....
####.#........# ##...##..###>.###
...##.#.#.###.###.....#.#.#...#
##.####.#.# #......(..........###
...# #.#.# ####......#..........
#### #.#.# #.#...##..###.....
#.#.# #.##......# #.###. #.#.#
#.######..# #.##..


There were no monsters in sight!

Vanquished Creatures
  An ogre (D:4)
  A scorpion (D:4)
  A hound (D:5)
  An orc wizard (D:3)
  4 adders
  3 gnolls (D:4)
  An ufetubus (D:5)
  A worm (D:3)
  3 dart slugs
  2 orcs (D:3)
  10 ball pythons
  2 bats
  4 endoplasms
  3 giant cockroaches
  3 hobgoblins
  6 jackals
  A quokka (D:1)
  3 frilled lizards
  6 goblins
  7 kobolds
  2 rats
65 creatures vanquished.

Vanquished Creatures (collateral kills)
  An iguana (D:4)
  Robin (D:2)
  A gnoll (D:4)
  An adder (D:4)
  2 orcs (D:3)
  An endoplasm (D:3)
  5 goblins (D:2)
  4 hobgoblins (D:2)
  A jackal (D:4)
17 creatures vanquished.

Vanquished Creatures (others)
  Edmund (D:4)
  A black bear (D:4)
  An orc wizard (D:3)
3 creatures vanquished.

Grand Total: 85 creatures vanquished

Notes
Turn   | Place    | Note
-------+----------+-------------------------------------------
     0 | D:1      | Conn the Deep Elf Hedge Wizard began the quest for the Orb.
     0 | D:1      | Reached XP level 1. HP: 10/10 MP: 7/7
   323 | D:1      | Reached skill level 5 in Spellcasting
   323 | D:1      | Reached XP level 2. HP: 15/15 MP: 7/10
   846 | D:2      | Learned a level 2 spell: Blink
   849 | D:2      | Learned a level 2 spell: Call Imp
  1065 | D:2      | Reached XP level 3. HP: 19/19 MP: 8/11
  1069 | D:2      | Learned a level 3 spell: Mephitic Cloud
  1276 | D:2      | Found a radiant altar of Vehumet.
  1305 | D:2      | Noticed Robin
  1337 | D:2      | Killed Robin
  1338 | D:2      | Reached XP level 4. HP: 21/24 MP: 8/13
  1689 | D:2      | Reached skill level 6 in Spellcasting
  1935 | D:3      | Gained mutation: Your magical capacity is low. (-10% MP)
                  | [potion of mutation]
  1935 | D:3      | Gained mutation: You sometimes lose your temper in combat.
                  | [potion of mutation]
  1935 | D:3      | Gained mutation: You are partially covered in iridescent
                  | scales. (AC +2) [potion of mutation]
  1935 | D:3      | Gained mutation: Your muscles are strong. (Str +4, Int/Dex
                  | -1) [potion of mutation]
  2018 | D:3      | Identified the +0 ring mail of Mezcal {rElec rPois Str+4}
  2238 | D:3      | Reached XP level 5. HP: 15/28 MP: 1/14
  2626 | D:3      | Noticed Grinder
  2712 | D:4      | Learned a level 4 spell: Summon Lightning Spire
  3015 | D:4      | Reached XP level 6. HP: 27/33 MP: 7/15
  3097 | D:4      | Reached skill level 1 in Air Magic
  3340 | D:4      | Learned a level 3 spell: Call Canine Familiar
  3344 | D:4      | Learned a level 3 spell: Summon Guardian Golem
  3348 | D:4      | Found a staircase to the Ecumenical Temple.
  3352 | Temple   | Entered the Ecumenical Temple
  3352 | Temple   | Found a transporter.
  3352 | Temple   | Found a transporter.
  3354 | Temple   | Found a transporter.
  3354 | Temple   | Found a transporter.
  3369 | Temple   | Became a worshipper of Sif Muna the Loreminder
  3773 | D:4      | Noticed Edmund
  3794 | D:4      | Killed Edmund
  3795 | D:4      | Reached skill level 7 in Spellcasting
  3795 | D:4      | Reached XP level 7. HP: 37/37 MP: 9/17
  3866 | D:5      | Entered Level 5 of the Dungeon
  3883 | D:5      | Reached skill level 1 in Fighting
  3886 | D:4      | Succumbed to a scorpion's poison

Illustrated notes

Levels and vault maps discovered:
D:1:      dpeg_arrival_pits, layout_basic
D:2:      layout_basic, basic_altar, kennysheep_generic_room_8, uniq_robin
D:3:      layout_basic, uniq_grinder
D:4:      layout_loops_ring, minmay_temple_entry_glassed_door, uniq_edmund
D:5:      layout_cave_pools, nemelex_diamond_rough_becter, roderic_batcave
Temple:   hellmonk_temple_divided_pantheon

Skill      XL: |  1  2  3  4  5  6  7 |
---------------+----------------------+-----
Spellcasting   | 5 6 7 |  7.2
Conjurations   | 2 3 |  3.5
Stealth        | 3 |  3.1
Summonings     | 2 3 |  3.5
Translocations | 2 |  2.5
Air Magic      | 2 |  2.1
Dodging        | 3 |  3.1
Fighting       | 1 |  1.1
Short Blades   | |  0.3
Long Blades    | |  0.4
Poison Magic   | |  0.6

Action                   |  1- 3 |  4- 6 |  7- 9 || total
-------------------------+-------+-------+-------++-------
Melee: Short sword       |    17 |       |       ||    17
       Dagger            |       |     6 |       ||     6
       Double sword      |       |     8 |     2 ||    10
 Cast: Magic Dart        |    68 |   115 |     7 ||   190
       Call Imp          |     2 |    11 |       ||    13
       Blink             |       |     1 |     2 ||     3
       Mephitic Cloud    |       |     3 |     1 ||     4
       Call Canine Famil |       |     2 |       ||     2
       Summon Guardian G |       |     2 |       ||     2
  Use: Potion            |       |     3 |       ||     3
       Scroll            |       |     5 |       ||     5
 Stab: Sleeping          |     1 |       |       ||     1
       Confused          |       |     1 |       ||     1
Armor: Robe              |     7 |    16 |     3 ||    26
Dodge: Dodged            |    27 |    24 |    19 ||    70

Table legend: (Time is in decaauts)
 A = Elapsed time spent in this place.
 B = Non-inter-level travel time spent in this place.
 C = Inter-level travel time spent in this place.
 D = Time resting spent in this place.
 E = Time spent auto-exploring this place.
 F = Levels seen in this place.
 G = Mean time per level.
                   A        B        C        D        E       F      G
               +--------+--------+--------+--------+--------+-----+--------+
         Total |   3888 |   3860 |     28 |    109 |   2735 |   6 |  648.0 |
       Dungeon |   3858 |   3830 |     28 |    109 |   2735 |   5 |  771.6 |
        Temple |     29 |     29 |      0 |      0 |      0 |   1 |   29.0 |
               +--------+--------+--------+--------+--------+-----+--------+

Top non-repeatable levels by time:
     D:4: 1259 daAuts
     D:2: 1082 daAuts
     D:1: 832 daAuts
     D:3: 663 daAuts
  Temple: 29 daAuts
     D:5: 20 daAuts
